 Dungeon Crawl Stone Soup version 0.21.1-1-g345015fe64 (webtiles) character file.

65 JarielCorvus the Skirmisher (level 4, -1/29 HPs)
             Began as a Gargoyle Fighter on July 13, 2018.
             Slain by a goblin (2 damage)
             ... led by Robin
             ... on level 2 of the Dungeon.
             The game lasted 00:02:23 (1148 turns).

JarielCorvus the Skirmisher (Gargoyle Fighter)      Turns: 1148, Time: 00:02:23

Health: -1/29      AC: 10    Str: 20    XL:     4   Next: 14%
Magic:  4/4        EV:  7    Int:  9    God:
Gold:   56         SH:  9    Dex:  9    Spells: 3/3 levels left

rFire    . . .     SeeInvis .   a - +0 long sword
rCold    . . .     Gourm    .   c - +0 shield
rNeg     + . .     Faith    .   b - +0 scale mail
rPois    ∞         Spirit   .   (no helmet)
rElec    +         Reflect  .   (no cloak)
rCorr    +         Harm     .   (no gloves)
MR       .....                  (no boots)
Stlth    ..........             (no amulet)
HPRegen  0.09/turn              g - ring of resist corrosion
MPRegen  0.09/turn              (no ring)

@: no status effects
A: negative energy resistance 1, electricity resistance, unbreathing,
petrification resistance, rot immunity, AC +3
a: no special abilities


You were on level 2 of the Dungeon.
You were very hungry.

You visited 1 branch of the dungeon, and saw 2 of its levels.

You collected 56 gold pieces.

Inventory:

Hand Weapons
 a - a +0 long sword (weapon)
 j - a +2 short sword of speed
Armour
 b - a +0 scale mail (worn)
 c - a +0 shield (worn)
Jewellery
 g - a ring of resist corrosion (left hand)
Potions
 d - a potion of might
 e - a potion of berserk rage {unknown}
 h - a potion of lignification {unknown}
 i - a potion of degeneration {unknown}
 l - 3 potions of curing {unknown}
Comestibles
 f - a ration


   Skills:
 * Level 4.1 Fighting
 + Level 2.2 Long Blades
 * Level 4.1 Armour
 + Level 3.6 Shields


You had 3 spell levels left.
You didn't know any spells.

Dungeon Overview and Level Annotations

Branches:
Dungeon (2/15)

Altars:
Qazlal


Innate Abilities, Weirdness & Mutations

You are resistant to torment.
Your stone body is resilient. (AC +3)
You are immune to poison.
You resist negative energy. (rN+)
You are resistant to electric shocks. (rElec)
You can survive without breathing.
You are immune to petrification.
You are immune to rotting.


Message History

You miss the goblin. The goblin barely misses you.
You block the goblin's attack. x3; The goblin hits you but does no damage.
You closely miss the goblin. The goblin hits you but does no damage.
The goblin hits you.
* * * LOW HITPOINT WARNING * * *
The goblin hits you but does no damage. The goblin hits you.
* * * LOW HITPOINT WARNING * * *
You completely miss the goblin. The goblin hits you but does no damage.
The goblin barely misses you. The goblin hits you.
* * * LOW HITPOINT WARNING * * *
You hit the goblin.
You kill the goblin!
The goblin hits you but does no damage. You block the goblin's attack. x2
The goblin hits you.
* * * LOW HITPOINT WARNING * * *
Items here: )))))))) [[ †††††††† You slash the goblin!
You kill the goblin!
You barely miss the goblin. The goblin hits you.
You die...

.............. ....
............. ###..
.g.......... #.....
..g.......# #.....
g.......# #.##.. ......
#.##.# ## ##''## #.##.#
####.#.##....#######.##.#
#.....)g@.##.##......##..
#.##.#.##.........##.....
#. ####.##.#.##.####
#.......##.#.##.#
##########.#.##.#
#.#.##.# #......#
.......#### .#.###.#...


You could see a goblin.

Vanquished Creatures
  Robin (D:2)
  An adder (D:2)
  A worm (D:2)
  A dart slug (D:2)
  3 giant cockroaches
  9 goblins
  7 hobgoblins
  2 jackals (D:2)
  5 kobolds (D:1)
  2 bats (D:1)
  3 frilled lizards (D:1)
  A rat (D:2)
36 creatures vanquished.

Notes
Turn   | Place    | Note
-------+----------+-------------------------------------------
     0 | D:1      | JarielCorvus the Gargoyle Fighter began the quest for the Orb.
     0 | D:1      | Reached XP level 1. HP: 14/14 MP: 1/1
   107 | D:1      | Reached XP level 2. HP: 19/19 MP: 2/2
   856 | D:2      | Reached XP level 3. HP: 15/24 MP: 3/3
   984 | D:2      | Found a stormy altar of Qazlal.
  1105 | D:2      | Noticed Robin
  1140 | D:2      | Killed Robin
  1140 | D:2      | Reached XP level 4. HP: 8/29 MP: 4/4
  1145 | D:2      | HP: 1/29 [goblin[Robin] (3)]
  1148 | D:2      | Slain by a goblin

Skill      XL: |  1  2  3 |
---------------+----------+-----
Long Blades    | 2 |  2.2
Fighting       | 4 |  4.1
Armour         | 4 |  4.1
Shields        | |  3.6

Action                   |  1- 3 |  4- 6 || total
-------------------------+-------+-------++-------
Melee: Long sword        |   117 |     7 ||   124
  Use: Scroll            |     2 |       ||     2
Armor: Scale mail        |    82 |     9 ||    91
Dodge: Dodged            |    46 |     3 ||    49
Block: Shield            |    88 |     9 ||    97
       Rpst.: Long sword |     8 |       ||     8
